 Dungeon Crawl Stone Soup version 0.27-a0-681-g0c81a3c1c3 (webtiles) character file.

Game seed: 15653038221921570269

216743 Twinkles the Warrior (level 19, 0/159 HPs)
             Began as a Formicid Abyssal Knight on Mar 19, 2021.
             Was the Champion of Lugonu.
             Slain by a merfolk
             ... wielding a +0 trident
              (7 damage)
             ... on level 3 of the Shoals on Mar 20, 2021.
             The game lasted 05:44:59 (55207 turns).

Twinkles the Warrior (Formicid Abyssal Knight)     Turns: 55207, Time: 05:45:00

Health: 0/159      AC: 32    Str: 26    XL:     19   Next: 80%
Magic:  17/28      EV:  5    Int: 13    God:    Lugonu [******]
Gold:   2766       SH:  0    Dex: 12    Spells: 18/18 levels left

rFire    . . .     SeeInvis +   a - +7 mace of Variability {chain chaos}
rCold    + . .     Faith    +   c - +0 tower shield
rNeg     . . .     Spirit   .   n - +10 chain mail "Mulin" {Harm Dex+2}
rPois    +         Reflect  .   (helmet unavailable)
rElec    .         Harm     +   o - +2 cloak
rCorr    .         Rampage  .   A - +2 pair of gloves {archery}
Will     +....                  k - +0 pair of boots
Stlth    ..........             w - amulet of Hepliaklqana's Anger {Faith rPois Str-4 Slay+5 Stlth+}
HPRegen  0.36/turn              D - +6 ring of strength
MPRegen  0.21/turn              R - ring of protection from cold

@: held, studying 2 skills
A: permanent stasis, dig shafts and tunnels, antennae 3, four strong arms
}: 1/15 runes: serpentine
a: Dig, Shaft Self, Renounce Religion, Depart the Abyss, Bend Space, Banish,
Corrupt, Enter the Abyss, Brand Weapon With Distortion


You were on level 3 of the Shoals.
You worshipped Lugonu.
Lugonu was exalted by your worship.
You visited 5 branches of the dungeon, and saw 30 of its levels.
You visited the Abyss 1 time.
You also visited: Ossuary, Bailey and Gauntlet.

You collected 3283 gold pieces.
You spent 517 gold pieces at shops.

Inventory:

Hand Weapons
 a - the +7 mace of Variability (weapon) {chain chaos}
   (You found it in a Gauntlet)

   Each time it hits an enemy it has a different, random effect.
 b - the +9 arbalest of Equilibrium {vorpal, rElec rF+++ rC+ Str-2}
   (You bought it in a shop on level 2 of the Orcish Mines)

   Any bolt fired from it inflicts extra damage.
   It affects your strength (-2).
   It renders you almost immune to fire.
   It protects you from cold.
   It insulates you from electricity.
 Q - a +2 morningstar of draining
Missiles
 j - 16 javelins
 l - 381 bolts
 x - 5 throwing nets
 V - 17 silver javelins
 Y - 118 poisoned darts
Armour
 c - a +0 tower shield (worn)
 k - a +0 pair of boots (worn)
 n - the +10 chain mail "Mulin" (worn) {Harm Dex+2}
   (You found it on level 3 of the Snake Pit)

   It affects your dexterity (+2).
   It increases damage dealt and taken.
 o - a +2 cloak (worn)
 u - a +4 plate armour
 A - a +2 pair of gloves of archery (worn)
Jewellery
 f - a +6 ring of strength
 s - a ring of positive energy
 t - a ring of resist corrosion
 w - the amulet of Hepliaklqana's Anger (around neck) {Faith rPois Str-4 Slay+5 Stlth+}
   (You found it on level 9 of the Dungeon)

   [amulet of faith]

   It allows you to gain divine favour quickly.
   It affects your strength (-4).
   It affects your accuracy and damage with ranged weapons and melee attacks
   (+5).
   It protects you from poison.
   It makes you more stealthy.
 z - a ring of flight
 D - a +6 ring of strength (right hand)
 H - an amulet of regeneration
 K - a ring of ice
 R - a ring of protection from cold (left hand)
 T - a ring of positive energy
 U - a ring of protection from fire
Wands
 d - a wand of digging (6)
 h - a wand of acid (22)
 i - a wand of iceblast (29)
 p - a wand of paralysis (30)
 q - a wand of flame (90) (quivered)
 r - a wand of random effects (20)
 y - a wand of mindburst (12)
Scrolls
 e - 4 scrolls of enchant armour
 E - 5 scrolls of fear
 F - 3 scrolls of fog
 O - 4 scrolls of silence
 S - 2 scrolls of summoning
 W - a scroll of holy word
 X - 3 scrolls of magic mapping
 Z - 19 scrolls of identify
Potions
 B - a potion of brilliance
 C - a potion of cancellation
 G - 4 potions of ambrosia
 I - 7 potions of invisibility
 J - 5 potions of curing
 L - 2 potions of flight
 M - 3 potions of might
 N - 3 potions of heal wounds
 P - 3 potions of lignification
Miscellaneous
 g - a tin of tremorstones (inert)
 m - a phantom mirror
 v - a lightning rod (4/4)


   Skills:
 + Level 16.9 Fighting
 + Level 15.6 Maces & Flails
 + Level 12.0 Crossbows
 + Level 15.6 Armour
 - Level 5.0 Dodging
 + Level 11.9 Shields
 - Level 12.3 Invocations
 - Level 8.0 Evocations


You had 18 spell levels left.
You didn't know any spells.
Your spell library contained the following spells:

 Spells                   Type           Power      Damage    Failure   Level
 Beastly Appendage        Tmut           0%         N/A       91%         1
 Foxfire                  Conj/Fire      0%         2x1d4     91%         1
 Magic Dart               Conj           0%         1d3       91%         1
 Call Imp                 Summ           0%         N/A       97%         2
 Ensorcelled Hibernation  Hex/Ice        0%         N/A       97%         2
 Passwall                 Tmut/Erth      0%         N/A       97%         2
 Slow                     Hex            0%         N/A       97%         2
 Sublimation of Blood     Necr           0%         N/A       97%         2
 Confusing Touch          Hex            0%         N/A       100%        3
 Conjure Flame            Conj/Fire      0%         6-21      100%        3
 Gell's Gravitas          Tloc           0%         N/A       100%        3
 Ignite Poison            Fire/Tmut/Pois 0%         N/A       100%        3
 Inner Flame              Hex/Fire       0%         N/A       100%        3
 Mephitic Cloud           Conj/Pois/Air  0%         N/A       100%        3
 Animate Armour           Summ/Erth      0%         N/A       100%        4
 Cause Fear               Hex            0%         N/A       100%        4
 Hailstorm                Conj/Ice       0%         3d3       100%        4
 Passage of Golubria      Tloc           N/A        N/A       100%        4
 Petrify                  Tmut/Erth      0%         N/A       100%        4
 Sticky Flame             Conj/Fire      0%         2d3       100%        4
 Summon Ice Beast         Ice/Summ       0%         N/A       100%        4
 Alistair's Intoxication  Tmut/Pois      0%         N/A       100%        5
 Bolt of Magma            Conj/Fire/Erth 0%         4d4       100%        5
 Borgnjor's Vile Clutch   Necr/Erth      0%         N/A       100%        5
 Fireball                 Conj/Fire      0%         3d3       100%        5
 Irradiate                Conj/Tmut      0%         3d13      100%        5
 Lee's Rapid Deconstruct  Erth           0%         3d5*      100%        5
 Metabolic Englaciation   Hex/Ice        0%         N/A       100%        5
 Silence                  Hex/Air        0%         N/A       100%        5
 Yara's Violent Unravell  Hex/Tmut       0%         3d3       100%        5
 Eringya's Noxious Bog    Tmut/Pois      0%         N/A       100%        6
 Invisibility             Hex            0%         N/A       100%        6
 Shadow Creatures         Summ           N/A        N/A       100%        6
 Borgnjor's Revivificati  Necr           0%         N/A       100%        8
 Discord                  Hex            0%         N/A       100%        8
 Infestation              Necr           0%         N/A       100%        8
 Necromutation            Tmut/Necr      0%         N/A       100%        8
 Death's Door             Necr           0%         N/A       100%        9
 Blink                    Tloc           Unusable   N/A       N/A         2
 Swiftness                Air            Unusable   N/A       N/A         2

Dungeon Overview and Level Annotations

Branches:
Dungeon (15/15)            Temple (0/1) D:6            Lair (6/6) D:10
 Shoals (3/4) Lair:3        Snake (4/4) Lair:2        Slime (0/5) Lair:5
    Orc (2/2) D:10            Elf (0/3) Orc:2        Vaults (0/5) D:13
 Depths (0/5) D:15        Ossuary (visited)          Bailey (visited)
Gauntlet (visited)

Altars:
Ashenzari
Cheibriados
Dithmenos
Elyvilon
Fedhas
Gozag
Kikubaaqudgha
Makhleb
Nemelex Xobeh
Okawaru
Sif Muna
Trog
Uskayaw
Vehumet
Xom
Zin
The Shining One
Beogh
Jiyva

Shops:
D:10 (   Orc:1 :   Orc:2 :?[(   Shoals:2 ?   Snake:4 =:=

Annotations:
D:5 3 runed translucent doors, jasper's ghost, amateur DsWr
D:8 exclusion: downstairs
D:10 2 runed translucent doors
D:15 Roxanne
Lair:2 corrupted
Lair:3 2 transporters, Xiut's ghost, journeyman MiBe
Shoals:3 Jorgrun
Snake:4 corrupted
Abyss:1 Harold


Innate Abilities, Weirdness & Mutations

You cannot be hasted, slowed, berserked, paralysed or teleported.
You can dig through walls and to a lower floor.
You have a pair of large antennae on your head. (SInv)
Your four strong arms can wield two-handed weapons with a shield.


Message History

Unknown command.
Unknown command.
Press: ? - help, Shift-Dir - straight line, f - merfolk
Aim: a merfolk, wielding a +0 trident and quivering boomerangs (steam, heavily wounded, chance to affect: 76%)
Okay, then.
Unknown command.
Unknown command.
Unknown command.
Aiming: Throw Flame
Press: ? - help, Shift-Dir - straight line, f - water nymph
Aim: a water nymph (translocational energy, water, 33% to evade)
The puff of flame hits the water nymph.
The water nymph is lightly wounded.
The merfolk hits you from afar with a +0 trident!!
* * * LOW HITPOINT WARNING * * *
A merfolk comes into view. It is wielding a +0 trident.
The merfolk completely misses you.
You feel much better.
The merfolk is engulfed in a cloud of scalding steam.
The merfolk hits you but does no damage.
The water nymph touches you. The water nymph drowns you!
* * * LOW HITPOINT WARNING * * *
The water nymph's watery aura covers the stone staircase leading up.
Splash!
You fall into the shallow water.
Moving in this stuff is going to be slow.
The merfolk hits you but does no damage.
Okay, then.
Unknown command.
Okay, then.
Unknown command.
The +7 mace of Variability {chain chaos} is briefly surrounded by a scintillating aura of random colours.
a - the +7 mace of Variability (weapon)
{chain chaos} The merfolk hits you from afar with a +0 trident!
* * * LOW HITPOINT WARNING * * *
You struggle against the net.
The water nymph touches you. The water nymph drowns you!
* * * LOW HITPOINT WARNING * * *
The merfolk hits you from afar with a +0 trident.
You die...

.≈......≈..
.........#. ≈
≈≈ ≈≈≈ ≈≈≈≈
#...###. ≈≈≈≈≈
#..$...
≈≈≈≈≈≈###
#..≈≈.
≈≈≈≈≈(≈@##
#..≈≈
≈≈≈≈≈(m§§.##...
≈≈≈≈≈m≈§m≈≈≈..
≈≈≈≈≈≈≈§≈≈≈≈.#
≈≈≈≈≈≈≈≈≈≈m≈<#
≈≈≈≈≈≈≈≈≈)≈≈§#
≈≈≈≈≈≈≈≈≈≈≈≈.§.
≈≈≈≈≈≈≈≈≈≈≈≈≈..
≈≈≈≈≈≈≈....


You could see 3 merfolk and a water nymph.

Vanquished Creatures
  Vashnia (Snake:4)
  A bone dragon (D:12)
  Ilsuiw (Shoals:2)
  7 nagarajas
  Nessos (D:14)
  A blizzard demon (Gauntlet)
  Snorg (Lair:4)
  A merfolk javelineer (Shoals:2)
  A fire dragon (Lair:6)
  2 merfolk impalers (Shoals:2)
  Fannar (Lair:1)
  10 naga warriors
  14 hydras
  A rakshasa (D:13)
  2 catoblepae
  2 merfolk avatars (Shoals:1)
  3 boulder beetles
  7 anacondas
  3 ogre magi
  5 centaur warriors
  A merfolk aquamancer (Shoals:2)
  2 tengu warriors
  4 death yaks (Lair:6)
  7 naga sharpshooters
  12 two-headed ogres
  4 shock serpents
  A soul eater (Gauntlet)
  3 sea snakes
  5 salamander mystics (Snake:4)
  7 naga ritualists
  2 deep trolls (Orc:2)
  3 unseen horrors
  5 harpies (Shoals:1)
  3 lindwurms (Lair:6)
  2 wolf spider zombies (D:12)
  A deep elf zephyrmancer (D:13)
  9 mana vipers
  An orc sorcerer (Orc:1)
  3 deep elf pyromancers
  An orc knight (D:10)
  9 oklob plants
  10 manticores
  3 ugly things
  2 wolf spiders
  2 fauns
  3 cyclopes
  7 salamanders
  An elephant (Lair:4)
  Maurice (D:8)
  6 centaur zombies
  A molten gargoyle (Lair:6)
  34 black mambas
  2 torpor snails
  4 merfolk sirens (Shoals:2)
  8 naga magi
  3 guardian serpents
  3 large abominations (Gauntlet)
  Maggie (D:10)
  13 cane toads
  3 rime drakes
  A water nymph (Shoals:2)
  13 komodo dragons
  2 demonic crawlers (D:14)
  2 redback zombies (D:12)
  A harpy zombie (D:12)
  16 trolls
  2 polar bears
  5 wind drakes
  14 merfolk
  A queen bee (Gauntlet)
  3 hornets
  Grinder (D:3)
  8 slime creatures
  9 blink frogs
  A meliai zombie (D:12)
  5 snapping turtles
  A dream sheep (Lair:4)
  A shadow (D:14)
  12 water elementals
  25 yaks
  A tarantella (Orc:1)
  9 wyverns
  Eustachio (D:4)
  A wraith (D:11)
  A basilisk (shapeshifter) (D:14)
  2 vampire mosquitoes (D:11)
  2 wargs
  7 basilisks
  2 steam dragons (Lair:6)
  3 acid dragons (Gauntlet)
  45 nagas
  A harpy simulacrum (D:15)
  4 swamp worms (D:14)
  Edmund (D:4)
  11 water moccasins
  2 soldier ants
  4 hell hounds (Lair:6)
  Purgy (D:3)
  3 black bears
  23 orc warriors
  A black bear (shapeshifter) (D:13)
  4 ice beasts
  4 small abominations (Gauntlet)
  2 necrophages
  27 ogres
  3 sky beasts
  11 wolves
  27 centaurs
  5 phantoms
  2 kobold brigands
  27 bullfrogs
  4 scorpions
  8 killer bees
  21 wights
  4 electric eels
  3 howler monkeys
  5 lava snakes (Lair:6)
  A crimson imp (D:7)
  2 bullfrog zombies
  2 jellies
  12 hounds
  2 human zombies (Ossuary)
  15 orc priests
  16 centaur skeletons
  A bullfrog skeleton (D:9)
  6 iguanas
  Natasha (thrice) (D:3)
  20 orc wizards
  12 worker ants
  A bullfrog simulacrum (D:13)
  4 mummies (Ossuary)
  A howler monkey zombie (D:11)
  5 gnolls
  10 adders
  6 shadow imps
  2 ufetubi
  3 oozes
  2 adder zombies
  2 adder skeletons (D:4)
  5 worms
  A dart slug (D:2)
  2 leopard geckos
  77 orcs
  A ball python (D:4)
  4 giant cockroaches
  3 gnoll zombies (Ossuary)
  12 goblins
  5 hobgoblins
  12 jackals
  25 kobolds
  5 quokkas
  8 bats
  4 frilled lizards
  A jackal skeleton (D:5)
  2 kobold zombies (Ossuary)
  A leopard gecko zombie (D:8)
  An orc zombie (Ossuary)
  11 rats
  A bush (Lair:3)
971 creatures vanquished.

Vanquished Creatures (collateral kills)
  A centaur zombie (D:8)
  An iguana (D:8)
  A worker ant (D:8)
  An adder skeleton (D:8)
4 creatures vanquished.

Vanquished Creatures (others)
  4 nagarajas (Snake:4)
  A fire giant (D:15)
  A minotaur (Gauntlet)
  3 naga warriors (Snake:4)
  An anaconda (Snake:4)
  3 naga sharpshooters (Snake:4)
  A salamander mystic (Snake:4)
  2 naga ritualists (Snake:4)
  A mana viper (Snake:4)
  A guardian serpent (Snake:4)
  3 cane toads (Lair:2)
  A wyvern (Lair:2)
  3 yaks (Lair:2)
  10 nagas (Snake:4)
  A water moccasin (Lair:2)
  A bullfrog (Lair:2)
  2 electric eels (Lair:2)
  33 fungi
  133 plants
205 creatures vanquished.

Grand Total: 1180 creatures vanquished

Notes
Turn   | Place    | Note
-------+----------+-------------------------------------------
     0 | Abyss:1  | Twinkles the Formicid Abyssal Knight began the quest for
                  | the Orb.
     0 | Abyss:1  | Reached XP level 1. HP: 18/18 MP: 2/2
    55 | Abyss:1  | Noticed a hellion
    76 | Abyss:1  | Noticed a ynoxinul
    94 | Abyss:1  | Noticed an ancient zyme
    97 | Abyss:1  | Noticed a shadow
    98 | D:1      | Escaped the Abyss
   194 | D:1      | Reached XP level 2. HP: 19/24 MP: 3/3
   326 | D:1      | Reached * piety under Lugonu
   866 | D:2      | Reached XP level 3. HP: 17/29 MP: 4/4
  1678 | D:2      | Reached XP level 4. HP: 36/37 MP: 6/6
  1991 | D:2      | Reached skill level 4 in Fighting
  2006 | D:2      | HP: 11/37 [poisoned by an adder]
  2753 | D:3      | Reached XP level 5. HP: 40/41 MP: 7/7
  2980 | D:2      | Reached ** piety under Lugonu
  3184 | D:3      | HP: 8/42 [orc priest/divine providence (13)]
  3715 | D:3      | Noticed Purgy
  3739 | D:3      | Killed Purgy
  3740 | D:3      | Reached XP level 6. HP: 39/49 MP: 7/9
  3827 | D:3      | Noticed Grinder
  3874 | D:3      | Noticed Natasha
  3889 | D:3      | Killed Natasha
  4040 | D:3      | Found a broken altar of Ashenzari.
  4040 | D:3      | Noticed Natasha
  4118 | D:3      | Killed Natasha
  4146 | D:4      | Noticed Eustachio
  4181 | D:4      | Killed Eustachio
  4182 | D:4      | Reached skill level 5 in Fighting
  4182 | D:4      | Reached XP level 7. HP: 50/56 MP: 10/10
  4851 | D:4      | Noticed Edmund
  4880 | D:4      | Killed Edmund
  4881 | D:4      | Reached skill level 5 in Invocations
  5138 | D:4      | Found a radiant altar of Vehumet.
  5534 | D:5      | Entered Level 5 of the Dungeon
  5587 | D:5      | Found a runed translucent gate.
  5587 | D:5      | Found a runed translucent gate.
  5587 | D:5      | Found an opulent altar of Gozag.
  5587 | D:5      | Found a runed translucent gate.
  5590 | D:5      | Noticed jasper's ghost (amateur DsWr)
  5590 | D:5      | Noticed a two-headed ogre
  5604 | D:5      | Found an iron altar of Okawaru.
  5999 | D:5      | Reached XP level 8. HP: 59/63 MP: 11/11
  6081 | D:5      | HP: 15/63 [orc priest/divine providence (11)]
  6083 | D:5      | Reached skill level 1 in Shields
  6767 | D:5      | Reached skill level 5 in Armour
  7294 | D:6      | Found a sand-covered staircase.
  7298 | Ossuary  | Entered an ossuary
  7489 | Ossuary  | Reached skill level 6 in Fighting
  7940 | D:6      | Found a sparkling altar of Nemelex Xobeh.
  8018 | D:6      | Reached *** piety under Lugonu
  8019 | D:6      | Reached skill level 5 in Maces & Flails
  8499 | D:6      | Found a broken altar of Ashenzari.
  8506 | D:6      | Found a hide-covered altar of Uskayaw.
  8609 | D:6      | Found a staircase to the Ecumenical Temple.
  8626 | D:6      | Reached XP level 9. HP: 70/70 MP: 13/13
  8840 | D:7      | Found a glowing golden altar of the Shining One.
  8845 | D:7      | Found a snail-covered altar of Cheibriados.
  8849 | D:7      | Found a blossoming altar of Fedhas.
  8944 | D:7      | Found a shimmering blue altar of Sif Muna.
  9215 | D:3      | Noticed Natasha
  9216 | D:3      | Killed Grinder
  9225 | D:3      | Killed Natasha
  9530 | D:7      | HP: 15/71 [killer bee (7)]
  9535 | D:7      | HP: 13/71 [poisoned by a killer bee]
  9540 | D:7      | HP: 12/71 [poisoned by a killer bee]
  9546 | D:7      | HP: 12/71 [poisoned by a killer bee]
  9554 | D:7      | HP: 12/71 [poisoned by a killer bee]
 10109 | D:7      | Reached skill level 7 in Fighting
 10405 | D:7      | Noticed Harold
 10431 | D:7      | HP: 21/72 [Harold/+0 halberd (7)]
 10432 | D:7      | Banished Harold
 10433 | D:7      | Reached skill level 5 in Shields
 10433 | D:7      | Reached XP level 10. HP: 24/79 MP: 10/15
 10714 | D:7      | Found an ancient bone altar of Kikubaaqudgha.
 10723 | D:7      | Found a burning altar of Makhleb.
 10723 | D:7      | Found a shimmering altar of Xom.
 10981 | D:8      | Noticed Maurice
 10998 | D:8      | Killed Maurice
 11181 | D:8      | Found a flagged portal.
 11188 | Bailey   | Entered a bailey
 11421 | Bailey   | Reached **** piety under Lugonu
 11454 | Bailey   | Reached skill level 8 in Fighting
 11939 | Bailey   | Identified the Disquisition on Icy Fire
 13321 | D:9      | Found a glowing silver altar of Zin.
 13371 | D:9      | Identified the amulet of Hepliaklqana's Anger {Faith rPois
                  | Str-4 Slay+5 Stlth+}
 13461 | D:9      | Reached XP level 11. HP: 62/87 MP: 17/17
 13674 | D:9      | Found a white marble altar of Elyvilon.
 13674 | D:9      | Found a bloodstained altar of Trog.
 14005 | D:9      | Noticed a boulder beetle
 14005 | D:9      | Noticed a two-headed ogre
 14121 | D:10     | Entered Level 10 of the Dungeon
 14121 | D:10     | Found a staircase to the Orcish Mines.
 14121 | D:10     | Noticed a manticore
 14213 | D:9      | Killed a boulder beetle
 14321 | D:10     | Killed a manticore
 14322 | D:10     | Reached skill level 9 in Fighting
 14323 | D:10     | Reached ***** piety under Lugonu
 14349 | D:10     | Found Rymism's Weapon Shop.
 14538 | D:10     | Noticed Maggie
 14554 | D:10     | Killed Maggie
 14675 | D:10     | Found a large runed translucent door.
 14676 | D:10     | Noticed a wolf spider
 14694 | D:9      | HP: 22/89 [wolf spider (13)]
 14695 | D:9      | Killed a wolf spider
 14935 | D:9      | Banished a two-headed ogre
 15031 | D:10     | Found a large runed translucent door.
 15057 | D:10     | Reached skill level 10 in Invocations
 15447 | D:10     | Reached XP level 12. HP: 57/97 MP: 19/19
 15696 | D:10     | Found a staircase to the Lair.
 15837 | D:10     | Noticed a deep troll earth mage
 15837 | D:10     | Banished a deep troll earth mage
 15838 | D:10     | Reached skill level 10 in Fighting
 15844 | D:10     | Found a shimmering blue altar of Sif Muna.
 15849 | D:10     | Found a white marble altar of Elyvilon.
 15991 | Lair:1   | Entered Level 1 of the Lair of Beasts
 16341 | Lair:1   | Noticed Fannar
 16483 | Lair:1   | HP: 9/97 [Fannar/refrigeration (28)]
 16484 | Lair:1   | Killed Fannar
 16958 | Lair:1   | Reached skill level 10 in Armour
 17203 | Lair:1   | Noticed a five-headed hydra
 17225 | Lair:1   | Killed a five-headed hydra
 18401 | Lair:2   | Corrupted Lair:2
 18401 | Lair:2   | Noticed a large abomination
 18401 | Lair:2   | Noticed an Executioner
 18580 | Lair:2   | Found a staircase to the Snake Pit.
 18868 | Lair:2   | Identified the +9 rapier "Tabasase" {elec, Int+4}
 19456 | Lair:3   | Reached skill level 11 in Fighting
 19460 | Lair:3   | Reached XP level 13. HP: 106/106 MP: 21/21
 19530 | Lair:3   | Found a staircase to the Shoals.
 19569 | Lair:3   | Reached skill level 10 in Maces & Flails
 20069 | Lair:3   | Found a transporter.
 20073 | Lair:3   | Identified the +7 spear "Orb Guardian's Doom" {antimagic,
                  | rPois MP+9 Str-4}
 20078 | Lair:3   | Noticed Xiut's ghost (journeyman MiBe)
 20851 | Lair:3   | Found a bloodstained altar of Trog.
 20867 | Lair:3   | Found a transporter.
 21307 | Lair:4   | Reached skill level 1 in Evocations
 21500 | Lair:4   | Noticed Snorg
 21518 | Lair:4   | Killed Snorg
 21838 | Lair:4   | Noticed a catoblepas
 21856 | Lair:4   | Killed a catoblepas
 22521 | Lair:4   | Noticed a seven-headed hydra
 22779 | Lair:4   | Killed a seven-headed hydra
 22780 | Lair:4   | Reached skill level 12 in Fighting
 23170 | Lair:5   | Noticed a four-headed hydra
 23193 | Lair:5   | Killed a four-headed hydra
 23455 | Lair:5   | Identified the -2 pair of boots of Jorop {Slay+3}
 23520 | Lair:5   | Found a viscous altar of Jiyva.
 23521 | Lair:5   | Found a staircase to the Slime Pits.
 23533 | Lair:5   | Noticed a five-headed hydra
 23537 | Lair:5   | Killed a five-headed hydra
 23538 | Lair:5   | Reached XP level 14. HP: 83/115 MP: 23/23
 23794 | Lair:6   | Entered Level 6 of the Lair of Beasts
 24546 | Lair:6   | Reached skill level 5 in Evocations
 26458 | Lair:6   | Reached skill level 13 in Fighting
 26610 | Lair:6   | Reached ****** piety under Lugonu
 27701 | Lair:6   | Found a large runed translucent door.
 27701 | Lair:6   | Found a large runed translucent door.
 28272 | D:11     | Reached XP level 15. HP: 105/124 MP: 24/24
 28437 | D:11     | Reached skill level 1 in Dodging
 29750 | D:11     | Reached skill level 1 in Crossbows
 32757 | D:12     | Noticed a bone dragon
 32758 | D:12     | Found the +9 sword of Zonguldrok {reap}
 32823 | D:12     | HP: 31/125 [bone dragon (8)]
 32828 | D:12     | HP: 19/125 [bone dragon (13)]
 32832 | D:12     | Killed a bone dragon
 32833 | D:12     | Reached skill level 14 in Fighting
 33600 | D:13     | Found a gate to the Vaults.
 34310 | D:13     | You fall into a shaft and drop 1 floor!
 34311 | D:14     | Identified 2 scrolls of acquirement
 34333 | D:14     | Noticed Nessos
 35043 | D:13     | Acquired the +0 cloak of Eklotizu {-Tele rElec rC+ Dex+5}
 35053 | D:13     | Reached XP level 16. HP: 133/133 MP: 25/25
 35161 | D:13     | Found a runed translucent door.
 35161 | D:13     | Found a runed translucent door.
 35718 | D:13     | Reached XP level 17. HP: 99/139 MP: 26/26
 35916 | D:13     | Reached skill level 5 in Dodging
 36520 | D:13     | Identified the ring of Yhaib {Str-4 Int+5 Dex+6 SInv}
 36524 | D:13     | Identified the amulet "Zulo" {Reflect Will+ Str+3 SH+5}
 36529 | D:13     | Identified the +0 plate armour of the Iron City of Dis {rC+
                  | Int+5 Dex-2}
 36796 | D:14     | Found a shadowy altar of Dithmenos.
 37121 | D:14     | You fall into a shaft and drop 1 floor!
 37121 | D:15     | Entered Level 15 of the Dungeon
 37165 | D:15     | Found a gate leading to a gauntlet.
 37218 | Gauntlet | Entered a Gauntlet
 37218 | Gauntlet | Found a transporter.
 37218 | Gauntlet | Found a transporter.
 37221 | Gauntlet | Found a transporter.
 37224 | Gauntlet | Found a transporter.
 37224 | Gauntlet | Found a transporter.
 37224 | Gauntlet | Found a transporter.
 37258 | Gauntlet | Found a transporter.
 37262 | Gauntlet | Found a transporter.
 37276 | Gauntlet | Found a transporter.
 37293 | Gauntlet | Found a transporter.
 37309 | Gauntlet | Found a transporter.
 37312 | Gauntlet | Found a transporter.
 37331 | Gauntlet | Found a runed translucent door.
 37751 | Gauntlet | Identified the Guide on the Shifting Blaze
 38125 | Gauntlet | Corrupted Gauntlet
 38125 | Gauntlet | Noticed a bone dragon
 38129 | Gauntlet | Noticed an Executioner
 38139 | Gauntlet | Noticed a tentacled starspawn
 38144 | Gauntlet | Noticed a tentacled starspawn
 38149 | Gauntlet | Noticed a tentacled starspawn
 38150 | Gauntlet | Noticed a tentacled starspawn
 39037 | Gauntlet | Identified the +10 falchion of the Unliving {vorpal, Str+3
                  | Dex+2}
 39047 | Gauntlet | Found the +7 mace of Variability {chain chaos}
 40259 | D:15     | Found a staircase to the Depths.
 40549 | D:15     | Noticed Roxanne
 41240 | D:14     | Killed Nessos
 41241 | D:14     | Reached skill level 15 in Fighting
 42073 | Orc:1    | Entered Level 1 of the Orcish Mines
 42993 | Orc:1    | Found Uggop's Book Shoppe.
 43367 | Orc:2    | Entered Level 2 of the Orcish Mines
 43539 | Orc:2    | HP: 26/142 [ettin/+0 dire flail (19)]
 44631 | Orc:2    | Found Piekatt's Magic Scroll Emporium.
 44633 | Orc:2    | Found Cikonoh's Antique Weapon Emporium.
 44649 | Orc:2    | Found Wymienug's Book Shop.
 44674 | Orc:1    | Reached XP level 18. HP: 138/149 MP: 27/27
 44816 | Orc:2    | Found Omyzaf's Armour Shoppe.
 45135 | Orc:2    | Found a staircase to the Elven Halls.
 45486 | D:13     | Acquired a manual of Shields
 45652 | Orc:2    | Bought a smoking arbalest for 237 gold pieces
 45652 | Orc:2    | Identified the +9 arbalest of Equilibrium {vorpal, rElec
                  | rF+++ rC+ Str-2} (You bought it in a shop on level 2 of the
                  | Orcish Mines)
 45796 | Orc:2    | Bought a +0 pair of gloves of archery for 115 gold pieces
 45828 | Orc:2    | Bought a +2 kite shield for 165 gold pieces
 46168 | Snake:1  | Entered Level 1 of the Snake Pit
 46488 | Snake:1  | Found a snail-covered altar of Cheibriados.
 46817 | Snake:2  | Reached skill level 10 in Crossbows
 48608 | Snake:3  | Reached skill level 16 in Fighting
 48819 | Snake:3  | Identified the +10 chain mail "Mulin" {Harm Dex+2}
 49512 | Snake:4  | Entered Level 4 of the Snake Pit
 50176 | Snake:4  | Found Tuont's Jewellery Shoppe.
 50176 | Snake:4  | Found Pasuo's Book Boutique.
 50178 | Snake:4  | Found Egreebiuwk's Jewellery Shoppe.
 50272 | Snake:4  | Reached skill level 15 in Maces & Flails
 50928 | Snake:4  | Noticed Vashnia
 51148 | Snake:4  | Killed Vashnia
 51149 | Snake:4  | Reached skill level 15 in Armour
 51149 | Snake:4  | Reached XP level 19. HP: 117/159 MP: 28/28
 51341 | Snake:4  | Reached skill level 10 in Shields
 51602 | Snake:4  | Corrupted Snake:4
 52370 | Snake:4  | Got a serpentine rune of Zot
 52629 | Shoals:1 | Entered Level 1 of the Shoals
 53856 | Shoals:2 | Found Dannaih's Magic Scroll Shop.
 53886 | Shoals:2 | Noticed Ilsuiw
 53895 | Shoals:2 | Killed Ilsuiw
 55054 | Shoals:3 | Noticed Jorgrun
 55204 | Shoals:3 | HP: 25/159 [merfolk/+0 trident (24)]
 55207 | Shoals:3 | HP: 7/159 [drowned by a water nymph (14)]
 55207 | Shoals:3 | Slain by a merfolk

Illustrated notes

Levels and vault maps discovered:
D:1:      grunt_arrival_crossed_arrows, layout_rooms
D:2:      layout_loops_ring, nrook_campfire, roderic_lattice_a
D:3:      layout_rooms, evilmike_ruin_ashenzari, uniq_natasha, uniq_purgy,
          uniq_grinder
D:4:      layout_basic, vehumet_altar_wand_db, uniq_edmund, uniq_eustachio
D:5:      layout_loops_ring, nicolae_overflow_crystal_walls,
          ebering_ghost_gozag, kennysheep_generic_room_14
D:6:      layout_loops_cross, amethyst_overflow_temple_binary,
          minmay_temple_entry_gardened_gates, nicolae_ossuary_entry_plus,
          nemelex_dance_club_becter
D:7:      layout_basic, grunt_temple_overflow_champion_of_chaos,
          general_overflow_altar, grunt_temple_overflow_diamond,
          david_defended_altar_elf, uniq_harold
D:8:      layout_basic, enter_bailey_3, minmay_misc_feat_ornament, uniq_maurice
D:9:      layout_roguey, zin_academy, gammafunk_temple_overflow_statue,
          minivault_25_ag
D:10:     layout_basic, erik_lair_island, orc_david_3, jmf_multi_god_temple2,
          uniq_maggie
D:11:     layout_layer_cave, chequers_serial_rivers_small_b, centaur_isle
D:12:     layout_long_grid, minmay_guarded_unrand_zonguldrok
D:13:     minmay_the_grid_triangle_9x9_rhombus_full
          [minmay_the_grid_triangle_9x9_limited_checkers,
          minmay_the_grid_triangle_9x9_wacky_v,
          minmay_the_grid_triangle_9x9_semitri,
          minmay_the_grid_triangle_9x9_swiss_cheese,
          minmay_the_grid_triangle_9x9_alien,
          minmay_the_grid_triangle_9x9_steps,
          minmay_the_grid_triangle_9x9_tough_junction,
          minmay_the_grid_triangle_9x9_prize_insulated], layout_basic
D:14:     minmay_bloctagon_deflated, layout_basic,
          nicolae_dithmenos_shadow_blocks, hex_medium, worms_lemuel, uniq_nessos
D:15:     grunt_enter_depths_giant_problem, layout_basic,
          gauntlet_entry_generic, chequers_serial_rivers_micro_d, uniq_roxanne
Lair:1:   dpeg_oklob_gauntlet, layout_cave_pods, guppyfry_lair_drakes,
          uniq_fannar
Lair:2:   layout_long_grid, minmay_snake_entry_guardpost_small,
          serial_bayou_shore_a, infiniplex_staircase_pool_2, grunt_megastairs_2
Lair:3:   layout_roguey, minmay_shoals_entry_beasts,
          gammafunk_ghost_wrathful_warriors, minmay_lair_oklob_chamber
Lair:4:   layout_loops_ring, minmay_shattered_shrine, lemuel_fruit_tree,
          uniq_snorg
Lair:5:   layout_loops_ring, slime_altar_1, lemuel_fruit_fields
Lair:6:   cheibrodos_lair_end_hotspot, layout_regular_city, st_stairs_13
Shoals:1: layout_shoals
Shoals:2: layout_shoals, serial_shops, nicolae_shop_stone, uniq_ilsuiw
Shoals:3: layout_shoals, nicolae_shoals_this_corrosion, uniq_jorgrun
Snake:1:  layout_misc_corridors, basic_altar
Snake:2:  layout_layer_cave
Snake:3:  layout_misc_corridors, grunt_megastairs_5
Snake:4:  johnstein_snake_rune_scales, layout_chambers,
          nicolae_snake_biting_tails, minmay_shop_grove, serial_bayou_shore_b,
          uniq_vashnia
Orc:1:    layout_diamond_mine, basic_altar, serial_shops, shop, mines1_david
Orc:2:    st_orc_open, layout_diamond_mine, basic_altar

Skill      XL: |  1  2  3  4  5  6  7  8  9 10 11 12 13 14 15 16 17 18 19 |
---------------+----------------------------------------------------------+-----
Invocations    | 3 4 5 6 7 9 10 11 12 | 12.3
Fighting       | 4 5 6 7 8 9 11 12 13 14 15 16 | 16.9
Armour         | 3 4 5 7 8 9 10 11 13 15 | 15.6
Maces & Flails | 3 4 5 6 7 8 9 11 12 13 14 15 | 15.6
Shields        | 3 5 7 8 9 11 | 11.9
Evocations     | 3 7 8 |  8.0
Dodging        | 4 5 |  5.0
Crossbows      | 7 9 11 12 | 12.0

Action                   |  1- 3 |  4- 6 |  7- 9 | 10-12 | 13-15 | 16-18 | 19-21 || total
-------------------------+-------+-------+-------+-------+-------+-------+-------++-------
Melee: Mace              |   120 |    92 |       |       |       |       |       ||   212
       Short sword       |       |    29 |    50 |     5 |       |       |       ||    84
       Flail             |       |       |   241 |   228 |       |       |       ||   469
       Morningstar       |       |       |       |   282 |  1023 |   244 |       ||  1549
       Great mace        |       |       |       |       |       |   357 |   106 ||   463
 Fire: Hunting sling     |       |    15 |    78 |   123 |     3 |       |       ||   219
       Hand crossbow     |       |       |       |       |    74 |   325 |       ||   399
       Arbalest          |       |       |       |       |       |   210 |   117 ||   327
Throw: Dart              |       |       |     1 |    13 |    13 |       |       ||    27
       Boomerang         |       |       |       |       |     1 |       |       ||     1
Invok: Depart the Abyss  |     1 |       |       |       |       |       |       ||     1
       Banish            |       |       |     1 |     2 |     6 |     5 |     4 ||    18
       Bend Space        |       |       |     1 |       |       |     2 |       ||     3
       Corrupt           |       |       |       |     1 |       |     1 |     1 ||     3
 Abil: Dig               |       |     5 |     7 |    27 |    52 |    36 |     2 ||   129
       Evoke Flight      |       |       |       |     6 |     2 |       |       ||     8
Evoke: Wand              |       |       |       |     7 |    17 |     2 |    16 ||    42
       Tin of tremorston |       |       |       |       |       |     1 |     2 ||     3
  Use: Potion            |       |     4 |       |       |     5 |     2 |     2 ||    13
       Scroll            |       |     2 |     9 |     5 |    11 |     5 |       ||    32
 Stab: Paralysed         |       |       |       |       |       |     1 |       ||     1
Armor: Ring mail         |    24 |       |       |       |       |       |       ||    24
       Chain mail        |    39 |    79 |   171 |    30 |       |    25 |    89 ||   433
       Plate armour      |       |       |       |   171 |   535 |   270 |       ||   976
Dodge: Dodged            |    64 |    55 |    76 |   111 |   252 |   181 |    47 ||   786
Block: Kite shield       |       |       |   133 |   228 |   586 |   320 |       ||  1267
       Tower shield      |       |       |       |       |       |    19 |   147 ||   166

Table legend: (Time is in decaauts)
 A = Elapsed time spent in this place.
 B = Non-inter-level travel time spent in this place.
 C = Inter-level travel time spent in this place.
 D = Time resting spent in this place.
 E = Time spent auto-exploring this place.
 F = Levels seen in this place.
 G = Mean time per level.
                   A        B        C        D        E       F      G
               +--------+--------+--------+--------+--------+-----+--------+
         Total |  55763 |  51061 |   4702 |   9305 |  27251 |  34 | 1640.1 |
       Dungeon |  27351 |  24662 |   2689 |   3962 |  14173 |  15 | 1823.4 |
          Lair |  12359 |  11599 |    760 |   2540 |   6424 |   6 | 2059.8 |
        Shoals |   2729 |   2228 |    501 |    419 |   1301 |   3 |  909.7 |
     Snake Pit |   6503 |   5993 |    510 |   1022 |   3198 |   4 | 1625.8 |
  Orcish Mines |   3306 |   3066 |    240 |    745 |   1351 |   2 | 1653.0 |
         Abyss |     98 |     98 |      0 |      0 |     28 |   1 |   98.0 |
       Ossuary |    521 |    521 |      0 |    155 |      0 |   1 |  521.0 |
        Bailey |   1006 |   1006 |      0 |    263 |    151 |   1 | 1006.0 |
      Gauntlet |   1886 |   1886 |      0 |    198 |    623 |   1 | 1886.0 |
               +--------+--------+--------+--------+--------+-----+--------+

Top non-repeatable levels by time:
  Lair:6: 4006 daAuts
    D:12: 3218 daAuts
    D:13: 3075 daAuts
 Snake:4: 2868 daAuts
     D:2: 2550 daAuts
    D:11: 2516 daAuts
  Lair:1: 2145 daAuts
   Orc:2: 2088 daAuts
    D:15: 2025 daAuts
  Lair:3: 2022 daAuts
Gauntlet: 1886 daAuts
    D:10: 1804 daAuts
     D:7: 1777 daAuts
  Lair:4: 1753 daAuts
     D:4: 1749 daAuts
